Map: Ruby Rock LE

Players

Sindyr

  • Race: Zerg Zerg
  • Spawn Location: 5:00

XVII - Winner!

  • Race: Protoss Protoss
  • League: Gold
  • Spawn Location: 11:00

VOD

Have the link to the VOD?

Description

Time

  • Played on: Nov. 13, 2025, 11:54 a.m.
  • Length: 17:06
Show
View Real Time Build Order
Export as new Build Order

Sindyr Zerg 

Build Orders: Hatch First 

Get SALT Encoding   

  12  0:04  Drone  
  13  0:16  Drone  
  13  0:18  Overlord  
  14  0:31  Extractor  
  14  0:32  Overlord  
  14  0:35  Drone  
  14  0:44  Drone  
  14  0:49  Drone  
  17  1:00  Drone  
  18  1:11  Hatchery, Extractor  
  17  1:18  Drone  
  17  1:21  Drone  
  18  1:33  Spawning Pool  
  18  1:39  Drone  
  18  1:43  Drone  
  19  1:55  Drone  
  20  2:08  Drone  
  21  2:33  Queen  
  23  2:38  Roach Warren  
  22  2:47  Metabolic Boost  
  22  2:50  Zergling x12  
  28  2:56  Hatchery  
  27  3:03  Extractor  
  24  3:28  Hatchery  
  24  3:30  Lair  
  23  3:40  Roach x2  
  23  3:41  Roach  
  29  4:16  Roach x3  
  34  4:25  Overlord  
  34  4:33  Overlord  
  34  4:40  Hatchery  
  32  4:59  Drone x2  
  34  5:00  Drone  
  32  5:13  Queen  
  34  5:14  Drone  
  34  5:15  Drone x2  
  34  5:18  Glial Reconstitution  
  37  5:22  Queen  
  39  5:29  Drone x3  
  42  5:35  Overlord  
  42  5:48  Evolution Chamber  
  42  5:49  Evolution Chamber  
  41  5:50  Drone x2  
  41  5:54  Drone  
  41  5:55  Drone  
  44  6:16  Drone  
  44  6:17  Drone x5  
  50  6:44  Zerg Missile Weapons Level 1, Zerg Ground Armor Level 1  
  50  6:52  Overlord  
  50  6:53  Overlord x3  
  50  7:12  Drone  
  50  7:13  Drone x14  
  50  7:15  Drone  
  66  7:16  Drone  
  66  7:18  Drone  
  68  7:24  Drone x3  
  68  7:26  Drone  
  72  7:32  Extractor  
  72  7:33  Extractor  
  70  7:42  Extractor  
  69  7:44  Extractor  
  68  8:17  Hatchery  
  67  8:39  Drone  
  67  8:40  Drone x7  
  75  9:17  Hatchery  
  75  9:19  Hydralisk Den, Zerg Missile Weapons Level 2  
  75  9:20  Zerg Ground Armor Level 2  
  73  9:31  Infestation Pit  
  72  9:39  Queen  
  74  9:50  Grooved Spines  
  74  9:53  Hatchery, Hydralisk  
  74  9:54  Hydralisk x6  
  74  9:56  Overlord x3  
  74  9:57  Overlord x3  
  87  10:10  Hive  
  87  10:18  Hydralisk x4, Roach  
  87  10:19  Roach x10, Hydralisk x9  
  135  10:22  Overlord x5  
  135  10:34  Queen  
  137  10:40  Muscular Augments  
  139  11:16  Hydralisk x8  
  139  11:17  Hydralisk x10  
  143  11:32  Hydralisk x4  
  135  11:35  Hydralisk  
  143  11:50  Hydralisk  
  143  11:51  Hydralisk x4  
  138  11:55  Hydralisk  
  138  11:58  Hydralisk  
  122  12:02  Hydralisk  
  116  12:14  Drone x8  
  113  12:35  Spawning Pool  
  110  12:49  Hatchery  
  109  12:58  Drone x6  
  115  13:07  Overlord  
  115  13:08  Overlord x2  
  115  13:24  Lair  
  115  13:52  Queen  
  115  13:53  Extractor  
  115  13:54  Extractor  
  93  14:17  Hydralisk x14  
  93  14:18  Hydralisk x7  
  135  14:31  Overlord  
  135  14:32  Overlord x2  
  125  14:50  Hive  
  97  15:22  Hatchery  
  97  15:25  Hydralisk x6  
  97  15:26  Hydralisk x6  
  120  15:29  Overlord  
  98  15:50  Roach, Hydralisk x3  
  98  15:51  Hydralisk x2  
  74  16:42  Hydralisk Den  
  70  16:52  Hydralisk Den  
Show
View Real Time Build Order
Export as new Build Order

XVII Protoss - Winner!

Build Orders: Carriers 

Get SALT Encoding   

  12  0:01  Probe  
  13  0:13  Probe  
  14  0:21  Pylon  
  14  0:28  Probe  
  15  0:40  Probe  
  15  0:41  Forge  
  16  0:51  Gateway  
  16  0:54  Probe  
  16  1:02  Probe  
  18  1:18  Pylon  
  18  1:26  Photon Cannon  
  18  1:27  Probe  
  19  1:48  Nexus  
  19  1:58  Photon Cannon  
  19  2:08  Photon Cannon  
  19  2:19  Cybernetics Core  
  19  2:20  Probe  
  20  2:31  Assimilator x2  
  20  2:44  Probe  
  21  2:52  Pylon  
  21  2:56  Probe  
  22  3:00  Probe  
  23  3:07  Stalker  
  23  3:09  Probe  
  23  3:12  Probe  
  27  3:21  Pylon  
  27  3:24  Probe  
  27  3:26  Probe  
  29  3:34  Stalker  
  29  3:36  Probe  
  32  3:44  Photon Cannon  
  33  3:48  Probe  
  33  3:52  Photon Cannon  
  33  4:00  Probe  
  34  4:03  Probe  
  34  4:09  Shield Battery  
  35  4:12  Probe  
  35  4:15  Probe  
  37  4:24  Stalker, Probe  
  39  4:32  Assimilator  
  39  4:35  Assimilator  
  39  4:37  Probe  
  40  4:39  Pylon  
  40  4:41  Probe, Photon Cannon  
  40  4:42  Shield Battery  
  41  4:49  Probe x2  
  41  4:52  Stalker  
  42  4:59  Probe  
  45  5:04  Probe  
  47  5:16  Probe  
  47  5:17  Stargate x2  
  47  5:18  Pylon  
  47  5:19  Stargate  
  48  5:24  Probe  
  49  5:28  Probe  
  50  5:37  Probe  
  50  5:40  Probe  
  52  5:49  Probe  
  53  5:53  Robotics Facility  
  53  5:55  Pylon, Protoss Air Weapons Level 1  
  53  5:56  Pylon  
  53  5:58  Pylon  
  57  6:09  Void Ray  
  57  6:11  Void Ray  
  61  6:25  Void Ray  
  65  6:31  Shield Battery  
  65  6:32  Pylon  
  65  6:39  Observer  
  74  6:56  Void Ray  
  74  6:59  Nexus, Void Ray  
  74  7:00  Pylon  
  74  7:02  Pylon, Probe x2  
  74  7:06  Pylon  
  76  7:09  Pylon  
  76  7:14  Probe x2  
  78  7:21  Observer, Void Ray  
  83  7:26  Probe  
  83  7:29  Photon Cannon  
  84  7:34  Photon Cannon  
  84  7:36  Photon Cannon  
  84  7:37  Shield Battery  
  84  7:42  Assimilator  
  84  7:50  Void Ray  
  88  7:58  Void Ray  
  96  8:08  Void Ray  
  96  8:27  Probe x2  
  98  8:39  Probe  
  98  8:41  Photon Cannon, Shield Battery  
  101  8:42  Assimilator  
  100  8:51  Probe  
  112  8:58  Void Ray x2, Fleet Beacon  
  112  8:59  Void Ray  
  112  9:03  Probe  
  113  9:12  Probe  
  114  9:20  Probe  
  114  9:27  Photon Cannon  
  114  9:30  Probe  
  115  9:37  Protoss Air Armor Level 1  
  128  9:41  Void Ray x2  
  128  9:42  Void Ray, Probe  
  129  9:54  Flux Vanes, Probe  
  129  9:59  Stargate  
  130  10:00  Stargate  
  130  10:03  Pylon x2  
  130  10:05  Pylon  
  130  10:26  Probe x2  
  130  10:28  Nexus  
  130  10:30  Pylon x2  
  130  10:33  Pylon  
  130  10:35  Pylon  
  138  10:36  Void Ray x2  
  138  10:37  Cybernetics Core  
  138  10:38  Probe x2  
  140  10:50  Probe, Photon Cannon  
  140  10:51  Photon Cannon  
  140  10:52  Photon Cannon  
  140  10:54  Photon Cannon  
  140  10:56  Photon Cannon  
  141  10:59  Shield Battery  
  141  11:04  Shield Battery  
  141  11:06  Shield Battery  
  141  11:11  Assimilator  
  141  11:15  Assimilator  
  145  11:28  Void Ray  
  145  11:29  Void Ray  
  125  12:26  Void Ray  
  125  12:27  Void Ray x4  
  113  13:12  Void Ray x4  
  129  13:13  Void Ray  
  129  13:17  Photon Cannon  
  129  13:19  Photon Cannon, Protoss Air Weapons Level 2  
  129  13:21  Probe, Photon Cannon  
  129  13:23  Photon Cannon  
  129  13:24  Photon Cannon  
  130  13:29  Protoss Air Armor Level 2  
  130  13:33  Probe  
  131  13:41  Stargate  
  131  13:43  Stargate  
  131  13:45  Probe, Stargate  
  132  13:49  Stargate  
  132  13:55  Pylon  
  132  13:57  Probe  
  132  13:58  Pylon  
  132  13:59  Carrier x3  
  151  14:09  Probe  
  148  14:24  Carrier x2  
  160  15:07  Carrier x4  
  179  15:19  Carrier  
  185  15:45  Carrier x2  
  197  15:50  Nexus  
  197  15:52  Pylon  
  197  15:54  Pylon  
  197  15:55  Pylon  
  189  15:58  Pylon  
  189  16:02  Assimilator  
  189  16:06  Assimilator  
Tags
 
Composition
Carriers
League
Gold
Matchup
PvZ
Replay Pack
Multiplayer
Spawn Locations
Cross Positions
Add a new tag
Caveats
  • Supply blocks, unpowered buildings, or Contaminate may cause inaccurate times.
  • Supply counts are checked every 10 seconds.